 Dungeon Crawl Stone Soup version 0.24-a0-291-g79c1ce7 (webtiles) character file.

Game seed: 1321015646573886098

1175 frenix the Caller (level 8, -8/36 HPs)
             Began as a Vine Stalker Summoner on May 9, 2019.
             Was a Believer of Sif Muna.
             Killed from afar by aaksess's ghost (18 damage)
             ... with a stone arrow
             ... on level 6 of the Dungeon.
             The game lasted 01:03:04 (9807 turns).

frenix the Caller (Vine Stalker Summoner)           Turns: 9807, Time: 01:03:06

Health: -8/36      AC:  3    Str: 12      XL:     8   Next: 41%
Magic:  0/17       EV: 12    Int: 16      God:    Sif Muna [**....]
Gold:   290        SH:  0    Dex: 14 (15) Spells: 7/18 levels left

rFire    x . .     SeeInvis .   n - +0 spear
rCold    + . .     Gourm    .   (no shield)
rNeg     . . .     Faith    .   a - +1 robe
rPois    +         Spirit   +   (no helmet)
rElec    .         Reflect  .   (no cloak)
rCorr    .         Harm     .   (no gloves)
MR       +....                  (no boots)
Stlth    ++........             (no amulet)
HPRegen  0.52/turn              h - ring of poison resistance
MPRegen  0.15/turn              g - ring of ice

@: divine energy
A: fangs 3, regeneration 1, magic shield, antimagic bite, no potion heal 3, rot
immunity
a: Stop Divine Energy, Renounce Religion


You were on level 6 of the Dungeon.
You worshipped Sif Muna.
Sif Muna was pleased with you.
You were not hungry.

You visited 1 branch of the dungeon, and saw 6 of its levels.

You collected 290 gold pieces.

Inventory:

Hand Weapons
 d - a +0 whip
 n - a +0 spear (weapon)
Armour
 a - a +1 robe (worn)
 i - a +0 plate armour
 p - a +0 leather armour
 w - a +0 ring mail
Jewellery
 g - a ring of ice (right hand)
 h - a ring of poison resistance (left hand)
Wands
 q - a wand of polymorph (7)
 r - a wand of random effects (20)
 t - a wand of iceblast (8)
Scrolls
 e - a scroll of enchant weapon
 f - 5 scrolls of teleportation
 l - 4 scrolls of remove curse
 v - a scroll of identify
 x - 2 scrolls of enchant armour
 y - 3 scrolls of amnesia
Potions
 b - 2 potions of cancellation
 j - a potion of ambrosia
 k - 2 potions of curing
 m - 2 potions of might
 o - 2 potions of flight
 s - a potion of mutation {unknown}
 z - a potion of brilliance {unknown}
 A - a potion of resistance {unknown}
Comestibles
 c - 9 rations
 u - 7 chunks of flesh


   Skills:
 - Level 1.7 Dodging
 - Level 2.4 Stealth
 - Level 5.7 Spellcasting
 - Level 6.4 Summonings
 * Level 3.7 Ice Magic
 - Level 4.7 Air Magic


You had 7 spell levels left.
You knew the following spells:

 Your Spells              Type           Power        Failure   Level  Hunger
a - Summon Small Mammal   Summ           ####         1%          1    None
d - Summon Ice Beast      Ice/Summ       ####....     17%         4    ####...
f - Summon Lightning Spi  Summ/Air       ###.....     14%         4    ####...
s - Call Imp              Summ           ####....     1%          2    #......

Your spell library contained the following spells:

 Spells                   Type           Power        Failure   Level  Hunger
 Call Canine Familiar     Summ           ####....     3%          3    ##.....
 Summon Guardian Golem    Hex/Summ       ##......     12%         3    ##.....


Dungeon Overview and Level Annotations

Branches:
Dungeon (6/15)             Temple (0/1) D:5

Altars:
Ashenzari
Elyvilon
Gozag
Makhleb
Okawaru
Qazlal
Ru
Sif Muna
Trog
Yredelemnul
Zin

Annotations:
D:6 aaksess's ghost, novice DrEE


Innate Abilities, Weirdness & Mutations

You have razor-sharp teeth.
Your natural rate of healing is unusually fast.
When hurt, damage is shared between your health and your magic reserves.
Your bite disrupts and absorbs the magic of your enemies.
Potions cannot restore your health.
You are immune to rotting.


Message History

Your ice beast misses Hasart's ghost.
Your ice beast closely misses aaksess's ghost.
Your lightning spire shoots out a bolt of lightning at Hasart's ghost!
The bolt of electricity hits Hasart's ghost.
Your ice beast hits Hasart's ghost.
Your ice beast freezes Hasart's ghost.
Hasart's ghost is destroyed!
Sif Muna accepts your kill.
You feel your dexterity returning.
Your Ice Magic skill increases to level 3!
Aaksess's ghost points at you and mumbles some strange words.
The stone arrow hits you!!
Ouch! That really hurt!
* * * LOW HITPOINT WARNING * * *
Your ice beast closely misses aaksess's ghost.
Your ice beast hits aaksess's ghost.
Your ice beast freezes aaksess's ghost.
Aaksess's ghost resists.
Aaksess's ghost gestures at you while chanting.
The stone arrow hits you!!
Ouch! That really hurt!
You die...

###.#...#####.#.....###'#..##+#()
#.#...#..)..#......#..#..# ##(
#.#...#.....#......#..#### #..
###.#......).........#..# #.(
...#................#### ###
###.#.#....#..####....... ..
...........'........... ..
###.#.#....#..####..#.# ##
#.............@...#.##### #
#.##...............8....# #
#.##.#.#.#...###.YWY....# .
#.##...#.#.....####'''###
#.##.###.....###♣.......♣
###.##.###.#.....#⌠.......⌠#
.................#♣.......♣#
###......#.....###).......(#
...............# ##8.....8##


You could see aaksess's ghost, 2 friendly ice beasts and a friendly lightning
spire.

Vanquished Creatures
  A centaur zombie (D:5)
  A gnoll (D:1)
  3 jackals (D:2)
  A bat (D:3)
  A leopard gecko skeleton (D:4)
7 creatures vanquished.

Vanquished Creatures (collateral kills)
  The ghost of Hasart the Insei, an amateur OpMo of Nemelex Xobeh (D:6)
  A human (D:4)
  Eustachio (D:4)
  Duvessa (D:4)
  A phantom (D:6)
  6 ogres
  Dowan (D:4)
  A scorpion (D:4)
  A crimson imp (D:4)
  A centaur zombie (D:5)
  A quasit (D:6)
  A bullfrog zombie (D:3)
  A gnoll shaman (D:4)
  2 hounds
  2 orc wizards (D:5)
  2 orc priests
  An iguana (D:5)
  Ijyb (D:3)
  Natasha (thrice) (D:3)
  8 worker ants
  Robin (D:3)
  A howler monkey skeleton (D:6)
  8 gnolls
  12 adders
  A shadow imp (D:6)
  2 adder skeletons (D:4)
  2 dart slugs
  3 leopard geckos
  14 orcs
  6 giant cockroaches
  14 goblins
  16 hobgoblins
  4 jackals (D:1)
  15 kobolds
  4 quokkas
  2 ball pythons
  A ball python skeleton (D:4)
  3 bats
  4 frilled lizards
  4 jackal skeletons
  A leopard gecko zombie (D:6)
  6 rats
161 creatures vanquished.

Vanquished Creatures (others)
  A bat (D:3)
  A goblin (D:3)
  A quokka (D:3)
  A kobold (D:3)
4 creatures vanquished.

Grand Total: 172 creatures vanquished

Notes
Turn   | Place    | Note
-------+----------+-------------------------------------------
     0 | D:1      | frenix the Vine Stalker Summoner began the quest for the
                  | Orb.
     0 | D:1      | Reached XP level 1. HP: 9/9 MP: 4/4
   484 | D:1      | Reached XP level 2. HP: 13/13 MP: 1/6
   488 | D:1      | Learned a level 2 spell: Call Imp
  1625 | D:2      | Reached XP level 3. HP: 13/16 MP: 0/8
  1793 | D:2      | Found a shattered altar of Ashenzari.
  2088 | D:2      | Found a deep blue altar of Sif Muna.
  2096 | D:2      | Became a worshipper of Sif Muna the Loreminder
  2193 | D:2      | Found a burning altar of Makhleb.
  2952 | D:2      | Gained mutation: Your natural rate of healing is unusually
                  | fast. [Vine Stalker growth]
  2952 | D:2      | Reached XP level 4. HP: 21/21 MP: 3/10
  2958 | D:2      | Learned a level 4 spell: Summon Lightning Spire
  3445 | D:3      | Noticed Robin
  3459 | D:3      | Killed Robin
  3473 | D:3      | Found a white marble altar of Elyvilon.
  3526 | D:3      | Noticed Natasha
  3537 | D:3      | Killed Natasha
  3825 | D:3      | Found a sacrificial altar of Ru.
  3833 | D:3      | Reached skill level 1 in Air Magic
  3983 | D:3      | Reached XP level 5. HP: 24/24 MP: 5/12
  4165 | D:3      | Noticed Ijyb
  4192 | D:3      | Killed Ijyb
  4441 | D:3      | Noticed Natasha
  4447 | D:3      | Killed Natasha
  4453 | D:3      | Reached * piety under Sif Muna
  4596 | D:3      | Noticed Natasha
  4614 | D:3      | Killed Natasha
  5419 | D:4      | Reached XP level 6. HP: 26/28 MP: 1/13
  5787 | D:4      | Found an iron altar of Okawaru.
  5847 | D:4      | Found a bloodstained altar of Trog.
  6493 | D:4      | Found a runed translucent door.
  6493 | D:4      | Noticed a human
  6508 | D:4      | Found a basalt altar of Yredelemnul.
  6532 | D:4      | Killed a human
  6700 | D:4      | Reached XP level 7. HP: 32/32 MP: 6/15
  6870 | D:4      | Noticed Duvessa
  6870 | D:4      | Noticed Dowan
  6913 | D:4      | Killed Duvessa
  6913 | D:4      | Reached skill level 5 in Spellcasting
  6919 | D:4      | Killed Dowan
  6919 | D:4      | Reached ** piety under Sif Muna
  7052 | D:4      | Noticed Eustachio
  7104 | D:4      | Killed Eustachio
  7275 | D:5      | Entered Level 5 of the Dungeon
  7439 | D:5      | Found a bloodstained altar of Trog.
  7625 | D:5      | Reached skill level 5 in Summonings
  7975 | D:5      | Reached skill level 6 in Summonings
  8046 | D:5      | Found a stormy altar of Qazlal.
  8110 | D:5      | Found an opulent altar of Gozag.
  8110 | D:5      | Found a glowing silver altar of Zin.
  8188 | D:5      | Gained mutation: You have razor-sharp teeth. [Vine Stalker
                  | growth]
  8188 | D:5      | Reached XP level 8. HP: 36/36 MP: 7/17
  8302 | D:5      | Learned a level 4 spell: Summon Ice Beast
  8483 | D:5      | Found a staircase to the Ecumenical Temple.
  8683 | D:6      | Reached skill level 1 in Ice Magic
  9789 | D:6      | Found a runed translucent gate.
  9789 | D:6      | Found a runed translucent gate.
  9790 | D:6      | Found a runed translucent gate.
  9791 | D:6      | Noticed Hasart's ghost (amateur OpMo)
  9791 | D:6      | Noticed aaksess's ghost (novice DrEE)
  9805 | D:6      | Killed Hasart's ghost
  9807 | D:6      | Killed from afar by aaksess's ghost

Levels and vault maps discovered:
D:1:      grunt_arrival_lava_bath, layout_loops_cross, roderic_roman_lattice,
          chequers_decorated_corner, serial_bayou_pond_a
D:2:      layout_basic, makhleb_heckhound_becter, overflow_temple_1_default,
          ashenzari_conservatory_becter
D:3:      layout_basic, elyvilon_altar_4, overflow_temple_1_default,
          serial_curves, eino_curves_03, eino_curves_02, first_ration,
          uniq_natasha, uniq_ijyb, uniq_robin
D:4:      minmay_angry_zag, layout_basic, kennysheep_mini_moat,
          okawaru_gym_becter, dk_yredelemnul_ordeal, uniq_duvessa,
          uniq_eustachio
D:5:      layout_basic, grunt_temple_overflow_gold_and_silver,
          grunt_qazlal_clouds, minmay_temple_entry_glassed_door,
          minmay_misc_feat_diagonals, minmay_misc_feat_cross, st_stairs_5,
          bloody_trog
D:6:      corexii_shantytown, layout_basic, slow_altar_1,
          nicolae_overflow_crystal_walls, marbit_many_paths,
          gammafunk_ghost_cemetery

Skill      XL: |  1  2  3  4  5  6  7  8 |
---------------+-------------------------+-----
Spellcasting   | 3 4 5 |  5.7
Air Magic      | 1 3 4 |  4.7
Summonings     | 6 |  6.4
Ice Magic      | 3 |  3.7
Dodging        | |  1.7
Stealth        | |  2.4

Action                   |  1- 3 |  4- 6 |  7- 9 || total
-------------------------+-------+-------+-------++-------
Melee: Unarmed           |     5 |       |       ||     5
       Whip              |     8 |    10 |       ||    18
       Bite              |     2 |     2 |     5 ||     9
       Spear             |       |       |    16 ||    16
 Cast: Summon Small Mamm |    43 |    53 |    14 ||   110
       Call Imp          |    58 |   111 |    39 ||   208
       Summon Lightning  |       |     1 |    39 ||    40
       Summon Ice Beast  |       |       |     3 ||     3
Invok: Divine Energy     |       |     1 |       ||     1
  Use: Scroll            |     8 |     2 |     3 ||    13
 Stab: Sleeping          |     1 |     2 |       ||     3
       Distracted        |     1 |       |       ||     1
  Eat: Chunk             |     6 |    10 |    10 ||    26
       Ration            |     1 |     2 |     2 ||     5
Armor: Robe              |     4 |     6 |     7 ||    17
       Skin              |       |       |     1 ||     1
Dodge: Dodged            |    19 |    39 |    40 ||    98

Table legend:
 A = Non-vault XP
 B = Vault XP
 C = Vault XP percentage of total XP
 D = Non-vault monster count
 E = Vault monster count
 F = Vault count percentage of total count
                 A         B        C        D         E       F
            +---------+---------+-------+---------+---------+-------
      Total |    1094 |     585 |  34.8 |     115 |      53 |  31.5
            +---------+---------+-------+---------+---------+-------
        D:1 |      28 |       0 |   0.0 |      18 |       0 |   0.0
        D:2 |      39 |      20 |  33.9 |      18 |       1 |   5.3
        D:3 |     117 |      52 |  30.8 |      23 |      11 |  32.4
        D:4 |     249 |     334 |  57.3 |      24 |       8 |  25.0
        D:5 |     435 |       8 |   1.8 |      18 |       2 |  10.0
        D:6 |     226 |     171 |  43.1 |      14 |      31 |  68.9
            +---------+---------+-------+---------+---------+-------
